 Dungeon Sprint DCSS version 0.24-a0-581-gc0fa660 (webtiles) character file.

Game seed: 4627821026544961229

1782 Faca the Cleaver (level 9, -2/87 HPs)
             Began as a Formicid Fighter on Aug 22, 2019.
             Was a Believer of Makhleb.
             Slain by a yaktaur captain (illusionary) (8 damage)
             ... in the Dungeon (Sprint V: "Ziggurat Sprint").
             The game lasted 00:01:58 (287 turns).

Faca the Cleaver (Formicid Fighter)                  Turns: 287, Time: 00:01:59

Health: -2/87      AC: 16    Str: 36    XL:     9   Next: 29%
Magic:  9/9        EV:  7    Int:  8    God:    Makhleb [**....]
Gold:   0          SH: 14    Dex: 10    Spells: 8/8 levels left

rFire    . . .     SeeInvis +   c - +5 broad axe
rCold    . . .     Gourm    .   G - +3 shield
rNeg     . . .     Faith    .   I - +5 storm dragon scales
rPois    .         Spirit   .   (helmet unavailable)
rElec    +         Reflect  .   (no cloak)
rCorr    .         Harm     .   (no gloves)
MR       .....                  (no boots)
Stlth    ..........             a - amulet of the acrobat
HPRegen  0.24/turn              A - +6 ring of strength
MPRegen  0.11/turn              B - +6 ring of strength

@: no status effects
A: permanent stasis, dig shafts and tunnels, four strong arms, antennae 3
a: Dig, Minor Destruction, Renounce Religion


You were in the Dungeon.
You worshipped Makhleb.
Makhleb was pleased with you.
You were not hungry.

You visited 1 branch

Inventory:

Hand Weapons
 b - a +5 battleaxe
 c - a +5 broad axe (weapon)
 J - a +5 executioner's axe
Armour
 F - a +3 large shield
 G - a +3 shield (worn)
 H - +5 gold dragon scales
 I - +5 storm dragon scales (worn)
Jewellery
 a - an amulet of the acrobat (around neck)
 v - an uncursed ring of flight
 w - a +6 ring of dexterity
 x - a +6 ring of dexterity
 y - a +6 ring of intelligence
 z - a +6 ring of intelligence
 A - a +6 ring of strength (left hand)
 B - a +6 ring of strength (right hand)
Wands
 C - a wand of disintegration (7)
 D - a wand of iceblast (7)
 E - a wand of acid (7)
Scrolls
 k - 4 scrolls of blinking
 o - 4 scrolls of amnesia
 q - 7 scrolls of fog
 r - a scroll of holy word
 s - 5 scrolls of identify
 t - 5 scrolls of remove curse
 u - 2 scrolls of fear
Potions
 d - 6 potions of might
 e - 10 potions of curing
 g - 2 potions of heal wounds
 h - 6 potions of haste
 i - 7 potions of magic
 j - 3 potions of berserk rage
 l - 2 potions of brilliance
 m - 2 potions of invisibility
 n - 4 potions of resistance
 p - 5 potions of agility
Comestibles
 f - 7 rations


   Skills:
 + Level 14.1 Fighting
 + Level 14.5 Axes
 - Level 3.2 Armour
 - Level 3.6 Shields


You had 8 spell levels left.
You didn't know any spells.
Your spell library was empty.

Dungeon Overview and Level Annotations

Branches:
Dungeon (1/1)

Altars:
Ashenzari
Cheibriados
Dithmenos
Elyvilon
Fedhas
Gozag
Hepliaklqana
Kikubaaqudgha
Makhleb
Nemelex Xobeh
Okawaru
Qazlal
Ru
Sif Muna
Trog
Uskayaw
Vehumet
Wu Jian
Xom
Yredelemnul
Zin
The Shining One
Beogh
Jiyva
Lugonu

Annotations:
D 1 transporter


Innate Abilities, Weirdness & Mutations

You cannot be hasted, slowed, berserked, paralysed or teleported.
You can dig through walls and to a lower floor.
Your four strong arms can wield two-handed weapons with a shield.
You have a pair of large antennae on your head. (SInv)


Message History

The rakshasa weaves an illusion.
The yaktaur captain simulacrum shimmers and seems to become two!
You block the yaktaur captain's attack.
The yaktaur captain simulacrum hits you!
The yaktaur captain simulacrum freezes you!!
* * * LOW HITPOINT WARNING * * *
The yaktaur captain simulacrum hits you but does no damage.
You feel much better.
The rakshasa blinks!
You block the yaktaur captain's attack.
The yaktaur captain hits you but does no damage.
The rakshasa hits you with a +0 long sword!
You block the yaktaur captain's attack.
The rakshasa hits you with a +0 long sword.
You feel much better. You block the rakshasa's attack.
You block the yaktaur captain simulacrum's attack.
The yaktaur captain simulacrum hits you!
The yaktaur captain simulacrum freezes you!!
* * * LOW HITPOINT WARNING * * *
The yaktaur captain hits you!
You die...

▓▓▓▓▓▓▓▓▓▓▓▓▓▓▓▓▓▓▓
▓.8©8.▓.8©8.▓.8©8.▓
▓.=").▓."|=.▓.....▓
▓..[..▓.....▓...}.▓
▓..RRc▓.....▓.....▓
▓.Rc@Z▓.....▓.....▓
▓.RcZR▓.....▓..©..▓
▓..©Z.▓..©..▓▓▓▓▓▓▓
▓▓▓▓▓▓▓▓▓▓▓▓▓ {{{
{{{ { { {


You could see 3 yaktaur captains, 5 rakshasas and 3 yaktaur captain simulacra.

Vanquished Creatures
  A yaktaur captain (D)
  A necromancer (D)
  2 toenail golems (D)
  An adder zombie (D)
  A bat zombie (D)
  A jackal zombie (D)
7 creatures vanquished.

Notes
Turn   | Place    | Note
-------+----------+-------------------------------------------
     0 | D        | Faca the Formicid Fighter began the quest for the Orb.
     0 | D        | Reached XP level 1. HP: 18/18 MP: 1/1
     0 | D        | Found a shimmering blue altar of Sif Muna.
     0 | D        | Found a sacrificial altar of Ru.
     0 | D        | Found a bloodstained altar of Trog.
     0 | D        | Found a stormy altar of Qazlal.
     0 | D        | Found an iron altar of Okawaru.
     0 | D        | Found a sparkling altar of Nemelex Xobeh.
     0 | D        | Found a blossoming altar of Fedhas.
     1 | D        | Found the +6 Majin-Bo {vamp, Archmagi MP+6 Int+6}
     1 | D        | Found the +7 great mace "Firestarter" {inner flame, rF++}
     2 | D        | Reached XP level 2. HP: 24/24 MP: 2/2
     3 | D        | Found a transporter.
     3 | D        | Found an ancient bone altar of Kikubaaqudgha.
     3 | D        | Found a viscous altar of Jiyva.
     3 | D        | Found a corrupted altar of Lugonu.
     3 | D        | Found a hazy altar of Hepliaklqana.
     3 | D        | Found a burning altar of Makhleb.
     3 | D        | Found an opulent altar of Gozag.
    71 | D        | Found the +9 heavy crossbow "Sniper" {velocity, Acc+∞ SInv}
    71 | D        | Found the +10 dark maul {crush}
    71 | D        | Found the +15 Maxwell's patent armour {-Cast -Tele rElec
                  | MR+ rCorr}
    71 | D        | Found the +18 shield of the Gong {rElec rN+ MR+ EV-5}
    71 | D        | Found the cursed +14 obsidian axe {chop, +Fly SInv *Curse}
    72 | D        | Found the +6 shillelagh "Devastator" {shatter}
    72 | D        | Found the +11 plutonium sword {*Contam Stlth-}
    72 | D        | Found the +8 lance "Wyrmbane" {slay drac, rPois rF+ rC+
                  | AC+3}
    72 | D        | Found the +9 sword of Zonguldrok {reap}
    72 | D        | Found the cursed +13 scythe of Curses {drain, *Curse}
    72 | D        | Found the +0 sword of Power
    72 | D        | Found the +7 mace of Variability {chain chaos}
    72 | D        | Found the +7 Singing Sword {slice, sonic wave}
    72 | D        | Found the +8 storm bow {elec, penet}
    74 | D        | Became a worshipper of Makhleb the Destroyer
    81 | D        | Entered arena 2.
    81 | D        | Noticed a toenail golem
    81 | D        | Noticed a toenail golem
    81 | D        | Found a transporter.
    91 | D        | Killed a toenail golem
    91 | D        | Reached XP level 3. HP: 20/41 MP: 3/3
    91 | D        | Reached XP level 4. HP: 24/47 MP: 4/4
    91 | D        | Reached XP level 5. HP: 27/53 MP: 5/5
    91 | D        | Reached XP level 6. HP: 30/60 MP: 6/6
    92 | D        | Killed a toenail golem
    92 | D        | Reached XP level 7. HP: 35/68 MP: 7/7
   252 | D        | Entered arena 3.
   252 | D        | Found a transporter.
   254 | D        | Reached * piety under Makhleb
   266 | D        | Got the amulet of Desertification {Harm *Drain Str+4 Int-3
                  | Dex+2}
   269 | D        | Entered arena 4.
   269 | D        | Noticed a yaktaur captain
   269 | D        | Noticed a rakshasa
   269 | D        | Noticed a necromancer
   269 | D        | Noticed a rakshasa
   269 | D        | Found a transporter.
   278 | D        | HP: 3/68 [yaktaur captain (15)]
   282 | D        | Killed a yaktaur captain
   282 | D        | Reached ** piety under Makhleb
   282 | D        | Reached XP level 8. HP: 39/79 MP: 8/8
   283 | D        | Killed a necromancer
   283 | D        | Reached XP level 9. HP: 55/87 MP: 9/9
   287 | D        | Slain by a yaktaur captain (illusionary)

Levels and vault maps discovered:
D:        sprint_v [room_start, room_1, room_2, room_3, room_4, room_5, room_6,
          room_7, room_8, room_9, room_10, room_11, room_12, room_13, room_14,
          room_15, room_16, room_17, room_18, room_19, room_20, room_21,
          room_22, room_23, room_24, room_25, room_26, room_27]

Skill      XL: |  1  2  3  4  5  6  7  8 |
---------------+-------------------------+-----
Axes           | 7 11 12 13 14 | 14.5
Fighting       | 9 11 13 14 | 14.1
Armour         | |  3.2
Shields        | |  3.6

Action                   |  1- 3 |  4- 6 |  7- 9 || total
-------------------------+-------+-------+-------++-------
Melee: Broad axe         |     8 |     1 |    13 ||    22
  Use: Potion            |     2 |       |     7 ||     9
Armor: Storm dragon scal |     6 |       |    18 ||    24
Dodge: Dodged            |     2 |       |    10 ||    12
Block: Shield            |     5 |     1 |    32 ||    38

Table legend:
 A = Non-vault XP
 B = Vault XP
 C = Vault XP percentage of total XP
 D = Non-vault monster count
 E = Vault monster count
 F = Vault count percentage of total count
                 A         B        C        D         E       F
            +---------+---------+-------+---------+---------+-------
      Total |       0 |    2537 | 100.0 |       0 |       7 | 100.0
            +---------+---------+-------+---------+---------+-------
          D |       0 |    2537 | 100.0 |       0 |       7 | 100.0
            +---------+---------+-------+---------+---------+-------
